AoeStats
← 1847373944

MegaRandom

508220701Analyzed
4v4 RM · 12d ago on Sep 21, 2026· 44m 20s· 8 players
Game mode
Random Map
Map size
Large (8 player)
Population
200
Speed
Normal
Resources
Standard
Victory
Conquest
Starting age
Dark Age
Ending age
Imperial Age
RankedLock teamsTeams togetherTeam positionsShared explorationLock speedFull tech treeHidden civsTurbo modeCheats
Victory
Defeat
🇻🇳 Huns · Vietnam
1256
+13
🇪🇸 Italians · Spain
1209
+15
🇨🇳 Franks · China
1104
+19
🇨🇳 Khmer · China
1080
+19
🇭🇰 Goths · Hong Kong SAR China
1218
-18
🇮🇳 Georgians · India
1207
-18
🇹🇼 Portuguese · Taiwan
1175
-17
🇮🇳 Berbers · India
1094
-13
ANGELSK3956
11:37 Feudal Age
13:13 Loom
15:58 Castle Age
14:26 Double-Bit Axe
17:32 Scale Barding Armor
19:24 Wheelbarrow
19:54 Husbandry
24:07 Town Watch
24:41 Bloodlines
25:29 Gold Mining
25:53 Horse Collar
29:57 Forging
31:29 Fletching
35:42 Imperial Age
34:09 Bow Saw
33:51 Stone Mining
35:50 Hand Cart
36:03 Devotion
37:15 Conscription
37:17 Light Cavalry
40:24 Bodkin Arrow
40:50 Chain Barding Armor
41:36 Chemistry
40:56 Ballistics
40:22 Heavy Cavalry Archer
41:27 Parthian Tactics
42:19 Bracer
42:19 Padded Archer Armor
44:16 Murder Holes
Sythe
10:56 Feudal Age
10:54 Loom
16:32 Castle Age
15:56 Double-Bit Axe
17:41 Bow Saw
17:25 Horse Collar
18:45 Heavy Plow
27:52 Wheelbarrow
30:26 Imperial Age
28:52 Forging
28:47 Scale Barding Armor
29:33 Treadmill Crane
30:15 Bloodlines
30:05 Husbandry
30:38 Heavy Camel Rider
30:38 Cavalier
31:22 Maghrebi Camels
31:42 Conscription
32:28 Iron Casting
32:13 Chain Barding Armor
32:55 Chemistry
32:16 Ballistics
33:59 Blast Furnace
33:55 Light Cavalry
40:26 Plate Barding Armor
42:14 Hussar
AAOA
6:06 Loom
6:09 Loom
9:44 Feudal Age
10:53 Double-Bit Axe
14:50 Fletching
15:06 Gold Mining
18:47 Horse Collar
21:56 Castle Age
20:44 Stone Mining
21:59 Crossbowman
22:44 Town Watch
23:05 Bodkin Arrow
26:05 Wheelbarrow
25:53 Ballistics
33:39 Imperial Age
31:23 Padded Archer Armor
36:13 Bracer
39:40 Chemistry
45:03 Leather Archer Armor
ChapmanCM
12:44 Feudal Age
14:17 Double-Bit Axe
18:17 Castle Age
19:23 Wheelbarrow
19:07 Bow Saw
20:20 Horse Collar
20:27 Loom
21:13 Town Watch
23:35 Hand Cart
24:54 Fervor
27:25 Heavy Plow
30:54 Fishing Lines
31:55 Forging
36:35 Iron Casting
36:43 Gold Mining
37:01 Town Patrol
38:23 Stone Mining
39:03 Squires
42:00 Imperial Age
40:05 Pikeman
41:04 Anarchy
41:11 Scale Mail Armor
41:35 Ballistics
42:01 Stone Shaft Mining
41:51 Fletching
43:11 Conscription
42:52 Pikeman
45:33 Blast Furnace
44:49 Chain Mail Armor
45:08 Conscription
44:50 Perfusion
navatonsc
5:11 Loom
10:38 Feudal Age
14:34 Double-Bit Axe
15:09 Horse Collar
15:56 Fletching
18:02 Padded Archer Armor
22:38 Castle Age
21:22 Gold Mining
22:52 Crossbowman
23:39 Thumb Ring
23:30 Pikeman
25:18 Bodkin Arrow
25:24 Town Watch
27:35 Ballistics
29:48 Bow Saw
31:14 Wheelbarrow
36:04 Imperial Age
33:57 Murder Holes
34:25 Leather Archer Armor
35:38 Redemption
36:59 Sanctity
36:54 Fervor
37:55 Chemistry
37:05 Bracer
37:57 Block Printing
39:13 Elite Genoese Crossbowman
41:06 Two-Man Saw
42:53 Heavy Plow
44:46 Hoardings
44:34 Conscription
1847373944
7:23 Loom
11:09 Feudal Age
15:40 Castle Age
14:43 Double-Bit Axe
16:34 Husbandry
26:33 Wheelbarrow
30:01 Bloodlines
36:19 Imperial Age
34:05 Hand Cart
34:25 Fletching
34:35 Padded Archer Armor
34:48 Forging
34:43 Scale Barding Armor
38:34 Gold Mining
41:45 Bow Saw
41:19 Horse Collar
42:42 Conscription
42:40 Fishing Lines
43:49 Gold Shaft Mining
43:45 Elite Ballista Elephant
ThanhLe
4:53 Loom
13:26 Feudal Age
17:37 Castle Age
15:48 Double-Bit Axe
15:44 Horse Collar
18:25 Wheelbarrow
19:08 Heavy Plow
24:20 Bow Saw
28:31 Imperial Age
26:32 Gold Mining
27:39 Hand Cart
28:39 Bloodlines
28:36 Scale Barding Armor
28:42 Forging
28:35 Husbandry
28:58 Marauders
29:40 Conscription
30:12 Chain Barding Armor
29:47 Elite Tarkan
31:05 Iron Casting
31:58 Plate Barding Armor
33:13 Two-Man Saw
32:49 Gold Shaft Mining
34:39 Blast Furnace
370885147
0:29 Loom
15:39 Feudal Age
19:23 Castle Age
17:30 Stone Mining
18:37 Double-Bit Axe
20:56 Bow Saw
20:45 Fishing Lines
22:23 Wheelbarrow
23:53 Hand Cart
24:26 Scale Barding Armor
24:44 Gold Mining
28:25 Husbandry
30:06 Gold Shaft Mining
35:19 Imperial Age
34:34 Chain Barding Armor
34:25 Forging
35:28 Cavalier
37:03 Chivalry
37:24 Conscription
38:13 Plate Barding Armor
38:13 Iron Casting
37:01 Paladin
38:47 Light Cavalry
40:54 Blast Furnace
39:55 Scale Mail Armor
39:46 Fletching
41:02 Chain Mail Armor
42:52 Gillnets
Connection lost

Rejoining the realm…

Still unreachable

The connection could not be restored.

Session expired

The server has moved on; the page needs a fresh start.